[Event "Titled Tuesday Blitz July 26 Early 2022"]
[White "Leenhouts, Koen"]
[Black "Schekachikhin, Maksim"]
[WhiteFideId "1008439"]
[BlackFideId "24177830"]
[WhiteElo "2409"]
[BlackElo "2239"]
[Result "1/2-1/2"]
[Round "09"]
[TimeControl "180+1"]
[Date "2022.07.27"]
[WhiteClock "0:00:15"]
[BlackClock "0:00:17"]

1. d4 d5 2. c4 dxc4 3. e4 e5 4. Nf3 Bb4+ 5. Nbd2 exd4 6. Bxc4 Nf6 7. O-O O-O 8. e5 Nd5 9. Ne4 Nb6 10. Bb3 Nc6 11. h3 Bf5 12. Ng3 Bg6 13. h4 h6 14. h5 Bh7 15. Bf4 Nd5 16. Bd2 Bxd2 17. Qxd2 Nde7 18. Rad1 Nf5 19. Nxf5 Bxf5 20. Nxd4 Nxd4 21. Qxd4 Qg5 22. Qc3 c6 23. Qb4 Bh3 24. Qe4 Bg4 25. Rd6 Qxh5 26. f3 Bf5 27. Qf4 Qg5 28. Qxg5 hxg5 29. Rfd1 Rfe8 30. g4 Bc8 31. Re1 Kf8 32. Kf2 Ke7 33. Kg3 Bd7 34. Red1 Rad8 35. Bxf7 Kxf7 36. Rxd7+ Rxd7 37. Rxd7+ Re7 38. Rxe7+ Kxe7 39. f4 gxf4+ 40. Kxf4 Ke6 41. g5 g6 42. Ke4 c5 43. b3 b5 44. a3 a6 45. a4 c4 46. axb5 axb5 47. b4 Kd7 48. Kd4 Ke7 49. Ke3 Ke6 50. Kd4 Kd7 51. Ke3 Kd8 52. Kd2 Ke8 53. Ke3 Kf7 54. Kf3 Ke6 55. Ke4 c3 56. Kd3 Kxe5 57. Kxc3 Kf5 58. Kd4 Kxg5 59. Kc5 Kf6 60. Kxb5 g5 61. Kc6 g4 62. b5 g3 63. b6 g2 64. b7 g1=Q 65. b8=Q Qg2+ 66. Kc7 Qg3+ 67. Kc8 Qxb8+ 68. Kxb8 1/2-1/2


[Site "https://www.chess.com"]

[Event "Titled Tuesday Blitz July 26 Early 2022"]
[White "Lianes Garcia, Marcos"]
[Black "Lewtak, Damian"]
[WhiteFideId "32060777"]
[BlackFideId "1141724"]
[WhiteElo "2334"]
[BlackElo "2359"]
[Result "0-1"]
[Round "09"]
[TimeControl "180+1"]
[Date "2022.07.26"]
[WhiteClock "0:00:09"]
[BlackClock "0:00:04"]

1. e4 b6 2. g3 Bb7 3. Bg2 g6 4. Ne2 Bg7 5. O-O d6 6. d4 Nd7 7. h3 e6 8. c4 Ne7 9. Nbc3 O-O 10. Be3 e5 11. Qd2 f5 12. Rad1 Nf6 13. Bh6 fxe4 14. Bxg7 Kxg7 15. dxe5 dxe5 16. Qg5 Qe8 17. Qxe5 Nc6 18. Qxc7+ Rf7 19. Qf4 Na5 20. b3 Rc8 21. Qe3 Re7 22. Nf4 Nc6 23. Nb5 Rd8 24. Nd6 Qd7 25. Nxb7 Qxd1 26. Rxd1 Rxd1+ 27. Kh2 Rxb7 28. Nd5 Rd3 29. Qe1 Rd4 30. Nxf6 Kxf6 31. Qe3 Re7 32. f3 Kg7 33. fxe4 Rdd7 34. c5 Ne5 35. cxb6 axb6 36. Qxb6 Rd2 37. g4 Rf7 38. Qc5 Nf3+ 39. Kg3 Rd3 40. Bxf3 Rfxf3+ 41. Kg2 Rg3+ 42. Kf2 Rxh3 43. Qe7+ Kh6 44. g5+ Kh5 45. Qxh7+ Kxg5 46. Qe7+ Kf4 47. Qf6+ Kxe4 48. Qxg6+ Kd4 49. Qf6+ Kc5 50. Ke2 Rc3 51. Qe5+ Kb4 52. Qd6+ Ka5 53. Kd2 Rcg3 54. Ke2 Rc3 55. Kd2 Rcg3 56. Ke2 Rg2+ 57. Kf1 Rgh2 58. Qd8+ Kb5 59. Qd6 Rh6 60. Qd7+ Kb4 61. Qe7+ Kc3 62. a4 Kd3 63. a5 Rh7 64. Qd6+ Ke3 65. a6 Rh1+ 66. Kg2 R1h6 67. Qe5+ Kd3 68. a7 Rg6+ 69. Kf3 Rf7+ 70. Qf4 Rxf4+ 71. Kxf4 Ra6 72. Ke5 Rxa7 73. Kd5 Kc3 0-1


[Site "https://www.chess.com"]

[Event "Titled Tuesday Blitz July 26 Early 2022"]
[White "Maksimenko, Viktor"]
[Black "Shukhman, Anna"]
[WhiteFideId "13710478"]
[BlackFideId "54180058"]
[WhiteElo "2269"]
[BlackElo "1726"]
[Result "1-0"]
[Round "09"]
[TimeControl "180+1"]
[Date "2022.07.27"]
[WhiteClock "0:00:05"]
[BlackClock "0:00:22"]

1. d4 f5 2. Bg5 g6 3. h4 Bg7 4. h5 h6 5. Bd2 g5 6. c3 Nf6 7. Qc2 d6 8. e3 O-O 9. Bd3 e5 10. dxe5 dxe5 11. Bxf5 e4 12. Bxe4 Nxe4 13. Qxe4 Qf6 14. f3 Nc6 15. Ne2 Bf5 16. Qc4+ Be6 17. Qa4 Rad8 18. Nd4 Bd5 19. Na3 Nxd4 20. cxd4 Bxf3 21. gxf3 Qxf3 22. Qc4+ Kh8 23. Rf1 Qxh5 24. Bc3 c6 25. Kd2 Qh2+ 26. Qe2 Qc7 27. Kc2 b5 28. Rac1 a5 29. Bd2 b4 30. Nc4 c5 31. Kb1 cxd4 32. exd4 Qd7 33. Be3 Rde8 34. Qc2 Rxf1 35. Rxf1 Qh3 36. Qf2 Rf8 37. Qxf8+ Bxf8 38. Rxf8+ Kg7 39. Rf2 Qe6 40. Ne5 Qd5 41. Kc2 Qe4+ 42. Kd2 Qb1 43. Ke2 Qxb2+ 44. Kd3 Qb1+ 45. Kc4 Qe4 46. Bc1 Qa8 47. d5 Qa6+ 48. Kb3 Qd6 49. Bb2 Qxd5+ 50. Ka4 Qxa2+ 51. Kb5 Qd5+ 52. Ka4 Qa2+ 53. Kb5 Qd5+ 54. Kb6 Kg8 55. Rc2 Qd6+ 56. Kb5 Qd5+ 57. Kb6 Qd6+ 58. Kxa5 b3 59. Rc8+ Kh7 60. Rh8+ Kxh8 61. Nf7+ Kh7 62. Nxd6 h5 63. Ne4 h4 64. Nxg5+ Kg6 65. Nf3 Kh5 66. Kb4 Kg4 67. Nh2+ Kg3 68. Be5+ Kg2 69. Kxb3 h3 70. Kc3 Kg1 71. Kd3 Kg2 72. Ke3 Kg1 73. Kf3 Kh1 74. Kg3 Kg1 75. Kxh3 Kh1 76. Ng4 Kg1 77. Bd6 Kh1 78. Nf2+ Kg1 79. Kg3 Kf1 80. Kf3 Kg1 81. Be5 Kf1 82. Bh2 Ke1 83. Ne4 Kd1 84. Ke3 Kc2 85. Nd2 Kc3 86. Bd6 Kb2 87. Kd3 Ka2 88. Kc2 Ka1 89. Nb3+ Ka2 90. Nc1+ Ka1 91. Be5# 1-0


[Site "https://www.chess.com"]

[Event "Titled Tuesday Blitz July 26 Early 2022"]
[White "Martin Barcelo, Carles"]
[Black "Jeet, Jain"]
[WhiteFideId "24561444"]
[BlackFideId "5073022"]
[WhiteElo "1922"]
[BlackElo "2055"]
[Result "0-1"]
[Round "09"]
[TimeControl "180+1"]
[Date "2022.07.27"]
[WhiteClock "0:00:01"]
[BlackClock "0:00:55"]

1. e4 c5 2. Nc3 g6 3. Bc4 Bg7 4. Qf3 e6 5. Nb5 d6 6. Qg3 e5 7. a4 Nf6 8. d3 h6 9. f4 Nc6 10. Nf3 Nh5 11. Qf2 Nxf4 12. g3 Ne6 13. O-O O-O 14. Nh4 Kh7 15. Nc3 Ncd4 16. Nd5 Ng5 17. Bxg5 hxg5 18. Nf3 Nxf3+ 19. Qxf3 f5 20. Qg2 g4 21. Rf2 Bh6 22. Raf1 Kg7 23. Kh1 Bg5 24. Re2 a6 25. Ne3 Rb8 26. exf5 gxf5 27. Nd5 b5 28. axb5 axb5 29. Bb3 Bb7 30. Ref2 Qd7 31. Kg1 Bc8 32. c4 bxc4 33. Bxc4 Qb7 34. b3 Bd7 35. Kh1 Rf7 36. Kg1 Rh8 37. h4 gxh3 38. Qh2 Be6 39. Qh1 Qa8 40. Nc3 Bxc4 41. bxc4 Be3 42. Nd5 h2+ 0-1


[Site "https://www.chess.com"]

[Event "Titled Tuesday Blitz July 26 Early 2022"]
[White "Martinez Alcantara, Jose Eduardo"]
[Black "Mardov, Dimitar"]
[WhiteFideId "3805662"]
[BlackFideId "30919495"]
[WhiteElo "2703"]
[BlackElo "2185"]
[Result "1-0"]
[Round "09"]
[TimeControl "180+1"]
[Date "2022.07.26"]
[WhiteClock "0:00:37"]
[BlackClock "0:00:04"]

1. e4 e5 2. Nf3 Nc6 3. Bb5 a6 4. Ba4 d6 5. O-O Bd7 6. c3 Nf6 7. Re1 g6 8. d4 Bg7 9. dxe5 Nxe5 10. Nxe5 dxe5 11. Bxd7+ Qxd7 12. Qxd7+ Nxd7 13. Be3 O-O-O 14. Nd2 f5 15. f3 f4 16. Bf2 Nb8 17. Rad1 Nc6 18. Kf1 Rd7 19. Nb3 b6 20. Rxd7 Kxd7 21. Ke2 Ke6 22. Nc1 Rd8 23. Nd3 Bf8 24. Rd1 Be7 25. g3 g5 26. Rh1 Rg8 27. h4 fxg3 28. Bxg3 g4 29. f4 Bf6 30. Rf1 Bh8 31. f5+ Kf7 32. Rd1 Bf6 33. h5 Rg5 34. Nf2 Ke7 35. Bh4 Rxh5 36. Bxf6+ Kxf6 37. Nxg4+ Kg5 38. Nf2 Kf4 39. Rg1 Rh4 40. Rg7 Na5 41. f6 1-0


[Site "https://www.chess.com"]

[Event "Titled Tuesday Blitz July 26 Early 2022"]
[White "Melikhov, Evgeny V."]
[Black "Rodchenkov, Sergey D."]
[WhiteFideId "4122046"]
[BlackFideId "4168712"]
[WhiteElo "1995"]
[BlackElo "2293"]
[Result "0-1"]
[Round "09"]
[TimeControl "180+1"]
[Date "2022.07.27"]
[WhiteClock "0:00:03"]
[BlackClock "0:00:06"]

1. d4 Nf6 2. c4 e6 3. Nc3 Bb4 4. Qc2 c5 5. dxc5 O-O 6. a3 Bxc5 7. Nf3 d5 8. cxd5 exd5 9. e3 Nc6 10. Nb5 Bb6 11. Nbd4 Bg4 12. Be2 Rc8 13. Qa4 Nxd4 14. exd4 Re8 15. Be3 Ne4 16. O-O Qf6 17. Rfe1 Bc7 18. Ne5 Bxe2 19. Rxe2 Bxe5 20. dxe5 Qxe5 21. Qxa7 Nc5 22. Rae1 Qh5 23. f3 Ne6 24. Bf2 h6 25. Re5 Qg6 26. Qxb7 Rc2 27. Qb3 Rec8 28. Bg3 Kh7 29. Qxd5 Rxg2+ 30. Kxg2 Nf4+ 31. Kh1 Nxd5 32. Rxd5 Rc2 33. Rde5 Qc6 34. R5e3 Rxb2 35. Be5 Ra2 36. Kg1 f6 37. Bg3 Qc4 0-1


[Site "https://www.chess.com"]

[Event "Titled Tuesday Blitz July 26 Early 2022"]
[White "Melkumyan, Hrant"]
[Black "Maksimovic, Bojan"]
[WhiteFideId "13302485"]
[BlackFideId "14408120"]
[WhiteElo "2604"]
[BlackElo "2453"]
[Result "1-0"]
[Round "09"]
[TimeControl "180+1"]
[Date "2022.07.26"]
[WhiteClock "0:00:24"]
[BlackClock "0:00:02"]

1. Nf3 f5 2. c4 Nf6 3. Nc3 e6 4. g3 Be7 5. Bg2 O-O 6. O-O d6 7. d3 e5 8. b4 a5 9. b5 Nbd7 10. Nd2 Rb8 11. e3 b6 12. Bb2 Bb7 13. Bxb7 Rxb7 14. Qf3 e4 15. Qxf5 exd3 16. Nd5 Rb8 17. Qxd3 Nc5 18. Qd4 Rf7 19. Rad1 Qd7 20. Nb3 Ne6 21. Qd3 Rbf8 22. Bxf6 Bxf6 23. f4 g6 24. Nd4 Nc5 25. Qc2 Re8 26. Nb3 Ne4 27. Nd2 Nc5 28. Rde1 Bg7 29. Nb3 Ne4 30. Nd4 Nf6 31. Nc6 Ne4 32. Kg2 Nc5 33. e4 Qg4 34. h3 Qd7 35. Re2 Ref8 36. h4 Qg4 37. e5 dxe5 38. Nxe5 Bxe5 39. Rxe5 Qd7 40. h5 Re8 41. hxg6 hxg6 42. Qxg6+ Kf8 43. Qh6+ Rg7 44. Rh1 Rxe5 45. Qf6+ 1-0


[Site "https://www.chess.com"]

[Event "Titled Tuesday Blitz July 26 Early 2022"]
[White "Mikhailovsky, Vladimir"]
[Black "Vovk, Orest"]
[WhiteFideId "34105414"]
[BlackFideId "14113490"]
[WhiteElo "2303"]
[BlackElo "2203"]
[Result "0-1"]
[Round "09"]
[TimeControl "180+1"]
[Date "2022.07.26"]
[WhiteClock "0:00:01"]
[BlackClock "0:00:05"]

1. e4 g5 2. d4 h6 3. h4 g4 4. h5 d5 5. exd5 Qxd5 6. Nc3 Qa5 7. Bc4 Bg7 8. Ne2 c6 9. Bf4 Nf6 10. Qd2 Nbd7 11. O-O-O Nxh5 12. Kb1 Nxf4 13. Qxf4 Nf6 14. Ng3 Qg5 15. Qc7 O-O 16. Qxe7 Bd7 17. Nh5 Bf5 18. f4 gxf3 19. Nxg7 fxg2 20. Rhg1 Kxg7 21. Bf1 Ng4 22. Qe2 gxf1=Q 23. Rdxf1 h5 24. Qe5+ Kg6 25. Qd6+ f6 26. Qg3 Rae8 27. Rg2 Re3 28. Qc7 Rfe8 29. a4 Re1+ 30. Rxe1 Rxe1+ 31. Ka2 Qc1 32. Qxb7 Bxc2 33. Ka3 Qa1+ 34. Na2 Bb1 35. b4 Re3# 0-1


[Site "https://www.chess.com"]

[Event "Titled Tuesday Blitz July 26 Early 2022"]
[White "Mikhalsky, Vladimir"]
[Black "Al-Tarboush, Ward"]
[WhiteFideId "14144352"]
[BlackFideId "7601450"]
[WhiteElo "2301"]
[BlackElo "2231"]
[Result "1-0"]
[Round "09"]
[TimeControl "180+1"]
[Date "2022.07.27"]
[WhiteClock "0:00:25"]
[BlackClock "0:01:19"]

1. d4 d5 2. c4 c6 3. Nf3 Nf6 4. Nc3 dxc4 5. a4 Bf5 6. Ne5 Nbd7 7. Nxc4 Nb6 8. e3 e6 9. a5 Nxc4 10. Bxc4 a6 11. O-O Bb4 12. Bd2 O-O 13. Qb3 Bxa5 14. Qxb7 Rb8 15. Qxa6 Rxb2 16. Qxa5 Rxd2 17. Nd5 Qxa5 18. Nxf6+ gxf6 19. Rxa5 Rc2 20. Bb3 Rc3 21. Ba4 Ra3 22. Rc1 Rb8 23. h3 Kg7 24. Rxc6 Rb4 25. Rca6 h6 26. Bc6 Rc3 27. Bf3 Rc1+ 28. Kh2 Rb2 29. Ra2 Rbb1 30. Kg3 e5 31. dxe5 fxe5 32. R2a5 f6 33. Ra7+ Kg6 34. Re7 Rb4 35. Raa7 h5 36. Rg7+ Kh6 37. Rgf7 Kg6 38. h4 Be4 39. Rg7+ Kf5 40. Bxh5 Ke6 41. Bg4+ f5 42. Rg6+ Kd5 43. Ra5+ Kc4 44. Be2+ Kb3 45. h5 f4+ 46. exf4 exf4+ 47. Kh2 Bxg6 48. hxg6 Rb6 49. Rg5 Re1 50. g7 Rh6+ 51. Bh5 1-0


[Site "https://www.chess.com"]

[Event "Titled Tuesday Blitz July 26 Early 2022"]
[White "Mitrabha, Guha"]
[Black "Ibarra Jerez, Jose Carlos"]
[WhiteFideId "5057000"]
[BlackFideId "2226332"]
[WhiteElo "2499"]
[BlackElo "2628"]
[Result "1/2-1/2"]
[Round "09"]
[TimeControl "180+1"]
[Date "2022.07.26"]
[WhiteClock "0:01:39"]
[BlackClock "0:00:06"]

1. d4 Nf6 2. Nf3 g6 3. g3 d6 4. Bg2 Bg7 5. O-O O-O 6. b3 b5 7. Bb2 Bb7 8. Nbd2 Nbd7 9. c4 bxc4 10. bxc4 Rb8 11. Rb1 Ne4 12. Qc2 Nxd2 13. Nxd2 Bxg2 14. Kxg2 c5 15. d5 Bxb2 16. Rxb2 Rxb2 17. Qxb2 Qa5 18. Nb3 Qa4 19. Qc2 Rb8 20. Rc1 Rb4 21. Nd2 Qxc2 22. Rxc2 a5 23. Kf3 Ne5+ 24. Kg2 a4 25. a3 Rb8 26. h3 Kg7 27. f4 Nd7 28. Kf3 f5 29. Ke3 Nf6 30. Kf3 Kf7 31. g4 e6 32. g5 Nh5 33. dxe6+ Kxe6 34. e3 Ng7 35. Ke2 Kd7 36. Kd3 Kc6 37. Kc3 Ne6 38. Rb2 Rxb2 39. Kxb2 d5 40. cxd5+ Kxd5 41. Kc3 Nc7 42. Nc4 Nb5+ 43. Kd3 Nd6 44. Nb6+ Kc6 45. Nxa4 Nb5 46. Nc3 Nxa3 47. e4 fxe4+ 48. Nxe4 Kd5 49. Nf6+ Ke6 50. Nxh7 Kf5 51. Ke3 Nc4+ 52. Kf3 Nd2+ 53. Ke3 Nc4+ 54. Kf3 Nd2+ 55. Ke2 Nc4 56. Nf8 Kxf4 57. h4 Ne5 58. Ne6+ Kg4 59. Ke3 Kxh4 60. Kf4 Nf7 61. Nf8 Kh5 62. Ke4 c4 63. Kd4 Ne5 64. Ne6 Nf3+ 65. Kxc4 Nxg5 66. Nf4+ Kh6 67. Nxg6 1/2-1/2


[Site "https://www.chess.com"]

[Event "Titled Tuesday Blitz July 26 Early 2022"]
[White "Munkhgal, Gombosuren"]
[Black "Altman, Joshua"]
[WhiteFideId "4901266"]
[BlackFideId "426210"]
[WhiteElo "2576"]
[BlackElo "1945"]
[Result "1-0"]
[Round "09"]
[TimeControl "180+1"]
[Date "2022.07.26"]
[WhiteClock "0:01:35"]
[BlackClock "0:00:35"]

1. d4 Nf6 2. Bf4 e6 3. e3 b6 4. Qf3 Nc6 5. Nc3 Bb7 6. O-O-O Bb4 7. Nge2 d6 8. e4 Qe7 9. a3 Bxc3 10. Nxc3 O-O-O 11. Bb5 a6 12. Ba4 Kb8 13. Rhe1 h6 14. Qe2 Nxd4 15. Rxd4 e5 16. Bxe5 Qxe5 17. Red1 Qg5+ 18. Kb1 Ng4 19. f3 Ne5 20. Nd5 Qg6 21. f4 Nd7 22. Ne7 Qe6 23. Nc6+ Bxc6 24. Bxc6 Ka7 25. Qxa6+ Kxa6 26. Ra4# 1-0


[Site "https://www.chess.com"]

[Event "Titled Tuesday Blitz July 26 Early 2022"]
[White "Nakamura, Hikaru"]
[Black "Sarana, Alexey"]
[WhiteFideId "2016192"]
[BlackFideId "24133795"]
[WhiteElo "2850"]
[BlackElo "2666"]
[Result "1-0"]
[Round "09"]
[TimeControl "180+1"]
[Date "2022.07.26"]
[WhiteClock "0:00:46"]
[BlackClock "0:00:40"]

1. g3 d5 2. Bg2 g6 3. d3 Bg7 4. Nc3 d4 5. Ne4 Nc6 6. Nf3 f5 7. Nc5 Nf6 8. O-O O-O 9. c3 dxc3 10. bxc3 Kh8 11. Bb2 Qd6 12. Nb3 e5 13. a4 Rd8 14. c4 Be6 15. Ba3 Qd7 16. Nc5 Qc8 17. Nxe5 Ne4 18. Nxc6 bxc6 19. Nxe4 fxe4 20. Bxe4 Bxc4 21. Rc1 Bd5 22. Qc2 Qh3 23. Bxd5 Rxd5 24. Qxc6 Rad8 25. Be7 Rh5 26. Qg2 Qxg2+ 27. Kxg2 Rd7 28. Bc5 a6 29. Rc2 Bf6 30. Rb1 Kg7 31. Rb8 Rhd5 32. Rc8 Be5 33. Ra8 1-0


[Site "https://www.chess.com"]

[Event "Titled Tuesday Blitz July 26 Early 2022"]
[White "Navarrete Mendez, Gonzalo Alberto"]
[Black "Large, Peter G"]
[WhiteFideId "5106850"]
[BlackFideId "400866"]
[WhiteElo "2261"]
[BlackElo "2064"]
[Result "1-0"]
[Round "09"]
[TimeControl "180+1"]
[Date "2022.07.27"]
[WhiteClock "0:00:04"]
[BlackClock "0:00:01"]

1. e4 c5 2. Nf3 Nc6 3. Nc3 d6 4. d4 cxd4 5. Nxd4 Nf6 6. Bc4 e6 7. Bb3 Be7 8. Be3 O-O 9. O-O Na5 10. f4 b6 11. e5 Ne8 12. Qh5 Nxb3 13. axb3 g6 14. Qh6 Bb7 15. Rad1 Qc8 16. Nf3 Qc6 17. Rd2 Ng7 18. Nd4 Qe8 19. exd6 Bxd6 20. Qh4 Be7 21. Qf2 Rd8 22. Rfd1 Bf6 23. h3 a6 24. Nf3 Qc6 25. Bxb6 Rxd2 26. Rxd2 Nf5 27. Bc5 Rc8 28. Be3 Bxc3 29. bxc3 Qxc3 30. Nd4 Nxe3 31. Rd3 Qa1+ 32. Kh2 Nf1+ 33. Kg1 Ng3+ 34. Kh2 Ne4 35. Qe3 Nf6 36. Qe5 Qf1 37. Nf3 Bxf3 38. Rxf3 Kg7 39. Rxf1 Rd8 40. f5 exf5 41. Rf2 Re8 42. Qf4 Re4 43. Qf3 h5 44. Qc3 h4 45. Rd2 Re6 46. Rd4 g5 47. Rc4 Kg6 48. Rc6 1-0


[Site "https://www.chess.com"]

[Event "Titled Tuesday Blitz July 26 Early 2022"]
[White "Ozer, Omer Faruk"]
[Black "Shvedova, Alexandra"]
[WhiteFideId "6354564"]
[BlackFideId "54154782"]
[WhiteElo "2050"]
[BlackElo "1896"]
[Result "0-1"]
[Round "09"]
[TimeControl "180+1"]
[Date "2022.07.26"]
[WhiteClock "0:00:21"]
[BlackClock "0:00:05"]

1. e4 c5 2. Nf3 d6 3. d4 cxd4 4. Nxd4 Nf6 5. Nc3 a6 6. Nb3 e5 7. Bg5 Be6 8. Qd3 Nbd7 9. O-O-O Be7 10. Be2 b5 11. Bxf6 Nxf6 12. Nd5 Bxd5 13. exd5 O-O 14. g4 Nd7 15. Kb1 Rc8 16. h4 Nc5 17. Nxc5 Rxc5 18. g5 f5 19. gxf6 Bxf6 20. Bg4 Rc4 21. Be6+ Kh8 22. h5 Rd4 23. Qa3 Rxd1+ 24. Rxd1 Qb6 25. Qg3 Be7 26. Rg1 Bf6 27. Qe3 Qxe3 28. fxe3 Bh4 29. e4 Rf4 30. Bf5 Kg8 31. c4 Bf2 32. Rc1 Bc5 33. cxb5 axb5 34. a3 Rf2 35. Bd7 b4 36. axb4 Bxb4 37. Be6+ Kf8 38. Rc8+ Ke7 39. Rc7+ Kf8 40. Rb7 Bc5 41. b4 Bd4 42. Rd7 Rb2+ 43. Kc1 Rxb4 44. Rf7+ Ke8 45. Rxg7 Be3+ 46. Kc2 h6 47. Bf5 Bg5 48. Rg6 Rb6 49. Kc3 Ke7 50. Kc4 Kf7 51. Be6+ Ke7 52. Rg7+ Ke8 53. Rc7 Be7 54. Rc8+ Bd8 55. Ra8 Ke7 56. Ra7+ Ke8 57. Bd7+ Ke7 58. Bb5+ Kf6 59. Rd7 Be7 60. Kb4 Rb8 61. Ka5 Ra8+ 62. Kb6 Rb8+ 63. Kc6 Rc8+ 64. Kb7 Rc1 65. Bc6 Rb1+ 66. Kc7 Re1 67. Kb6 Rxe4 68. Ra7 Rb4+ 69. Ka5 Rb1 70. Ra8 e4 71. Rh8 Kg7 72. Re8 Kf6 73. Rh8 Kg7 74. Re8 Ra1+ 75. Kb4 Ra7 76. Kc4 e3 77. Kd3 Bg5 78. Re6 Ra3+ 79. Ke2 Ra2+ 80. Kf3 Rf2+ 81. Kg3 Rf8 82. Rxd6 Bf4+ 0-1


[Site "https://www.chess.com"]

[Event "Titled Tuesday Blitz July 26 Early 2022"]
[White "Pakleza, Zbigniew"]
[Black "Lubbe, Nikolas"]
[WhiteFideId "1119290"]
[BlackFideId "4694031"]
[WhiteElo "2467"]
[BlackElo "2447"]
[Result "0-1"]
[Round "09"]
[TimeControl "180+1"]
[Date "2022.07.26"]
[WhiteClock "0:00:13"]
[BlackClock "0:01:14"]

1. d4 d5 2. Bf4 e6 3. e3 Bd6 4. Bg3 Nf6 5. Nd2 b6 6. Ngf3 O-O 7. c3 c5 8. Ne5 Qc7 9. f4 Ba6 10. Bxa6 Nxa6 11. O-O Nb8 12. Bh4 Be7 13. f5 Nbd7 14. Nxd7 Qxd7 15. fxe6 Qxe6 16. Qf3 Rae8 17. Rae1 Ne4 18. Nxe4 dxe4 19. Qf4 Bxh4 20. Qxh4 Qxa2 21. Rf2 cxd4 22. exd4 Qd5 23. g4 f5 24. gxf5 Rxf5 25. Rxf5 Qxf5 26. Rf1 Qg6+ 27. Qg3 Qe6 28. Qe3 a5 29. d5 Qxd5 30. Qxb6 e3 31. Qc7 e2 32. Re1 Qd1 33. Qg3 Rf8 34. Kg2 h6 35. h4 Rf1 0-1


[Site "https://www.chess.com"]

[Event "Titled Tuesday Blitz July 26 Early 2022"]
[White "Papasimakopoulos, Alexandros"]
[Black "Ohanyan, Emin"]
[WhiteFideId "4244125"]
[BlackFideId "13312022"]
[WhiteElo "2340"]
[BlackElo "1927"]
[Result "0-1"]
[Round "09"]
[TimeControl "180+1"]
[Date "2022.07.26"]
[WhiteClock "0:00:01"]
[BlackClock "0:00:05"]

1. d4 Nf6 2. c4 e6 3. Nc3 Bb4 4. Qc2 d5 5. cxd5 exd5 6. Bg5 h6 7. Bh4 Nc6 8. e3 g5 9. Bg3 h5 10. Bb5 h4 11. Be5 O-O 12. Bxc6 bxc6 13. h3 Ne4 14. Ne2 Bf5 15. Qa4 c5 16. O-O Rb8 17. dxc5 Nxc5 18. Qc6 Nd3 19. Bxc7 Rc8 20. Bxd8 Rxc6 21. Bxg5 Rg6 22. Bxh4 Bxh3 23. Bg3 Be6 24. a3 Ba5 25. b4 Bb6 26. Rab1 Rd8 27. Na4 Bf5 28. Nxb6 axb6 29. Nd4 Be4 30. Rb3 Rc8 31. a4 Ra8 32. Ra1 Kg7 33. a5 Rh6 34. f3 Rah8 35. Rxd3 Bxd3 36. Kf2 Ra8 37. Be5+ Kg8 38. Bc7 bxa5 39. bxa5 Rha6 40. Rc1 Rc8 41. Rc5 Ra7 42. Bb6 Rxc5 43. Bxc5 Rxa5 44. Bd6 Ra2+ 45. Kg3 Bf1 46. Kf4 Rxg2 47. Ke5 Bc4 48. Nf5 Kh7 49. Bc5 Rg6 50. Nd6 Re6+ 51. Kf4 Kg6 52. e4 Bb3 53. exd5 Bxd5 54. Ne4 Rc6 55. Bd4 Rc4 56. Ke5 Ba8 57. Be3 Ra4 58. Nd6 Ra5+ 59. Kf4 Ra4+ 60. Kg3 Bd5 61. Nb5 Rb4 62. Nd4 Ra4 63. Kf2 Ra2+ 64. Kg3 Ra3 65. Kf2 Rd3 66. Nb5 Bc6 67. Nd4 Bb7 68. Nb5 Kh5 69. Nd4 Bd5 70. Nf5 Ra3 71. Nd4 Ra2+ 72. Kg3 Ra1 73. Kf2 Kh4 74. Bf4 Ra2+ 75. Ke3 Ra3+ 76. Kf2 Kh3 77. Be5 Rd3 78. Bf6 Rd2+ 79. Ke3 Ra2 80. Kf4 Ra3 81. Be5 Rd3 82. Nb5 Rxf3+ 83. Kg5 Be4 84. Nd6 Bd3 85. Bf6 Rg3+ 86. Kh5 Bg6+ 87. Kh6 Rf3 88. Kg7 Rd3 89. Nxf7 Bxf7 90. Kxf7 Kg4 91. Bg7 Kf5 92. Bb2 Rd7+ 93. Kg8 Rb7 94. Bc3 Kg6 95. Kf8 Rc7 96. Bd4 Kf5 97. Bb2 Ke6 98. Bd4 Rb7 99. Be3 Kf6 100. Ke8 Re7+ 101. Kd8 Rxe3 102. Kc7 0-1


[Site "https://www.chess.com"]

[Event "Titled Tuesday Blitz July 26 Early 2022"]
[White "Peiris, T G M"]
[Black "Devaev, Alexander"]
[WhiteFideId "9901310"]
[BlackFideId "4169395"]
[WhiteElo "2022"]
[BlackElo "2185"]
[Result "1-0"]
[Round "09"]
[TimeControl "180+1"]
[Date "2022.07.27"]
[WhiteClock "0:00:53"]
[BlackClock "0:00:01"]

1. Nf3 Nf6 2. c4 c5 3. Nc3 e6 4. d4 cxd4 5. Nxd4 a6 6. Bg5 Bb4 7. e3 Qa5 8. Bxf6 Bxc3+ 9. bxc3 Qxc3+ 10. Ke2 gxf6 11. Rc1 Qa5 12. g3 Qxa2+ 13. Rc2 Qa5 14. Bg2 Nc6 15. Qd3 Qh5+ 16. Bf3 Qg6 17. Be4 f5 18. Bg2 h5 19. Rd1 h4 20. Nxc6 bxc6 21. Bxc6 Ra7 22. Qd4 Qg4+ 23. Bf3 Qxd4 24. Rxd4 hxg3 25. hxg3 Ke7 26. c5 Rc7 27. c6 d5 28. Ra4 Kd6 29. g4 fxg4 30. Bxg4 f5 31. Bf3 Rxc6 32. Rb2 Kc7 33. Kd3 Bb7 34. Rab4 Bc8 35. Bd1 Rh2 36. Ba4 Rc1 37. Kd2 Rc5 38. Kd3 a5 39. Rb6 Rc4 40. Be8 Rb4 41. Rc6+ Kd8 42. Rbc2 Bb7 43. Rxe6 Ba6+ 44. Kc3 Rc4+ 45. Kb2 Rxc2+ 46. Kxc2 Rxf2+ 47. Kc3 Bc8 48. Re5 Bb7 49. Bg6 Kc7 50. Bxf5 Kd6 51. Re6+ Kc5 52. Re7 Bc6 53. Bc8 a4 54. Ra7 Kb6 55. Rg7 Rb2 56. Kxb2 Kc5 57. Ka3 1-0


[Site "https://www.chess.com"]

[Event "Titled Tuesday Blitz July 26 Early 2022"]
[White "Pfreundt, Jakob"]
[Black "Derjabin, Ilja"]
[WhiteFideId "12918156"]
[BlackFideId "14104768"]
[WhiteElo "2345"]
[BlackElo "2341"]
[Result "1-0"]
[Round "09"]
[TimeControl "180+1"]
[Date "2022.07.27"]
[WhiteClock "0:00:18"]
[BlackClock "0:00:14"]

1. Nf3 c5 2. c4 Nf6 3. Nc3 d5 4. cxd5 Nxd5 5. d3 g6 6. g3 Bg7 7. Bd2 O-O 8. Bg2 Nc6 9. Qc1 Be6 10. h4 Nd4 11. h5 Nxc3 12. Bxc3 Nxf3+ 13. Bxf3 Bxc3+ 14. Qxc3 Qd4 15. Qxd4 cxd4 16. Kd2 Rac8 17. Rhc1 b6 18. a4 a5 19. hxg6 hxg6 20. Bb7 Rxc1 21. Rxc1 Rb8 22. Ba6 Kg7 23. Rc7 Kf6 24. Bc4 Bxc4 25. Rxc4 b5 26. axb5 Rxb5 27. Kc2 e5 28. Rc7 Ke6 29. g4 f5 30. Rc6+ Kf7 31. g5 f4 32. Rf6+ Kg7 33. Ra6 Rc5+ 34. Kd2 Rb5 35. Ra7+ Kf8 36. Ke1 e4 37. dxe4 Rxg5 38. Kd2 Rb5 39. Kd3 Rb3+ 40. Kc2 Rh3 41. f3 g5 42. Rxa5 Rg3 43. Kd3 g4 44. Rf5+ Ke7 45. Rxf4 gxf3 46. exf3 Rg1 47. Kxd4 Rd1+ 48. Ke5 Rb1 49. Rh4 Rxb2 50. Rh7+ Kf8 51. f4 Kg8 52. Rd7 Rb6 53. f5 Kf8 54. f6 Ke8 55. Re7+ Kf8 56. Kf5 Rb1 57. Ra7 Rb2 58. e5 Rb3 59. Ra8+ Kf7 60. e6# 1-0


[Site "https://www.chess.com"]

[Event "Titled Tuesday Blitz July 26 Early 2022"]
[White "Piesik, Piotr"]
[Black "Nilsson, Joakim"]
[WhiteFideId "1136194"]
[BlackFideId "1723383"]
[WhiteElo "2242"]
[BlackElo "2214"]
[Result "0-1"]
[Round "09"]
[TimeControl "180+1"]
[Date "2022.07.27"]
[WhiteClock "0:00:05"]
[BlackClock "0:00:41"]

1. Nf3 c6 2. g3 g6 3. Bg2 Bg7 4. O-O Nf6 5. d3 O-O 6. e4 d5 7. Nbd2 Bg4 8. h3 Bxf3 9. Qxf3 e6 10. Qe2 a5 11. e5 Nfd7 12. f4 a4 13. Nf3 a3 14. b3 f6 15. exf6 Qxf6 16. Rb1 e5 17. fxe5 Nxe5 18. Ng5 Qd6 19. Rxf8+ Bxf8 20. Bf4 Qc5+ 21. Kh2 Nf7 22. Nxf7 Kxf7 23. Re1 Qe7 24. Qd2 Qd7 25. Be5 Na6 26. d4 Kg8 27. h4 Re8 28. Bh3 Qf7 29. Rf1 Qe7 30. c3 Bg7 31. Bxg7 Kxg7 32. Rf2 Nc7 33. Bf1 Ne6 34. b4 Rf8 35. Bd3 Rxf2+ 36. Qxf2 b5 37. Qe1 Qf6 38. Kg2 g5 39. h5 g4 40. Qe2 Ng5 41. Qxg4 Kh6 42. Qe2 Qf7 43. g4 Qf4 44. Bf5 Qc1 45. Qc2 Qe3 46. Qf2 Qh3+ 47. Kg1 Nf3+ 0-1


[Site "https://www.chess.com"]

[Event "Titled Tuesday Blitz July 26 Early 2022"]
[White "Plazuelo Pascual, Juan"]
[Black "Atakhan, Abtin"]
[WhiteFideId "32059566"]
[BlackFideId "22502203"]
[WhiteElo "2416"]
[BlackElo "2087"]
[Result "1-0"]
[Round "09"]
[TimeControl "180+1"]
[Date "2022.07.26"]
[WhiteClock "0:00:20"]
[BlackClock "0:00:04"]

1. d4 Nf6 2. c4 g6 3. Nc3 d5 4. cxd5 Nxd5 5. e4 Nxc3 6. bxc3 Bg7 7. Nf3 c5 8. Bb5+ Nc6 9. d5 Qa5 10. Rb1 a6 11. Ba4 b5 12. dxc6 bxa4 13. O-O O-O 14. Bg5 Re8 15. h3 Be6 16. Rb7 Rac8 17. Rxe7 Red8 18. Rd7 f6 19. Qd6 Bxd7 20. cxd7 Ra8 21. Qe6+ Kh8 22. Bxf6 Rxd7 23. Qxd7 Bxf6 24. e5 Qd8 25. Qxa4 Bg7 26. Re1 Qe7 27. Qc6 Qf8 28. e6 Ra7 29. c4 h6 30. Qb6 Qe7 31. Rd1 Rb7 32. Qxa6 Kh7 33. Qd6 Bf8 34. Qxe7+ Bxe7 35. Rd7 Rxd7 36. exd7 Kg7 37. Ne5 1-0


[Site "https://www.chess.com"]